 Dungeon Crawl Stone Soup version 0.30-a0-618-gd6c86c23d0 (webtiles) character file.

Game seed: 16733996504084147589

41120 wormed the Unseen (level 14, -7/90 HPs)
             Began as a Kobold Brigand on Jan 10, 2023.
             Was a Believer of Uskayaw.
             Mangled by a death yak (19 damage)
             ... on level 5 of the Lair of Beasts.
             The game lasted 00:30:27 (18987 turns).

wormed the Unseen (Kobold Brigand)                 Turns: 18987, Time: 00:30:28

Health: -7/90      AC: 10    Str:  9    XL:     14   Next: 48%
Magic:  24/24      EV: 24    Int: 17    God:    Uskayaw [**....]
Gold:   1505       SH:  9    Dex: 21    Spells: 13/13 levels left

rFire   . . .      SeeInvis .    E - +8 quick blade (vamp)
rCold   . . .      Faith    +    F - +3 warlock's mirror {reflect}
rNeg    . . .      Spirit   .    b - +0 robe
rPois   .          Reflect  +    H - +0 helmet "Ysiun" {Int+3}
rElec   .          Harm     .    n - +0 cloak "Aliom" {Int+2}
rCorr   .          Rampage  .    f - +0 pair of gloves
Will    ++...                    s - +0 pair of boots
Stlth   +++++++                  o - amulet of faith
HPRegen 0.35/turn                z - +4 ring of protection
MPRegen 0.19/turn                A - ring of willpower

@: marked, mesmerised
A: small, no large weapons, nightstalker 3
a: Renounce Religion, Stomp, Line Pass


You were on level 5 of the Lair of Beasts.
You worshipped Uskayaw.
Uskayaw was pleased with you.
You visited 3 branches of the dungeon, and saw 17 of its levels.
You also visited: Bailey.

You collected 1615 gold pieces.
You spent 110 gold pieces at shops.

Inventory:

Hand Weapons
 E - a +8 vampiric quick blade (weapon)
Missiles
 d - 42 poisoned darts
 e - 7 curare-tipped darts
 r - 8 throwing nets
Armour
 b - a +0 robe (worn)
 f - a +0 pair of gloves (worn)
 n - the +0 cloak "Aliom" (worn) {Int+2}
   (You found it on level 1 of the Lair of Beasts)

   Int:       It affects your intelligence (+2).
 s - a +0 pair of boots (worn)
 F - the +3 warlock's mirror (worn) {reflect}
   (You acquired it in a bailey)

   It can block and reflect piercing ranged attacks and magical attacks against
   the wielder's willpower.
 H - the +0 helmet "Ysiun" (worn) {Int+3}
   (You found it on level 10 of the Dungeon)

   Int:       It affects your intelligence (+3).
Jewellery
 g - an amulet of magic regeneration
 o - an amulet of faith (around neck)
 t - an amulet of regeneration
 z - a +4 ring of protection (left hand)
 A - a ring of willpower (right hand)
 I - a +6 ring of intelligence
Wands
 c - a wand of flame (21)
 j - a wand of charming (38)
 y - a wand of quicksilver (10)
 M - a wand of mindburst (5) (quivered)
 N - a wand of digging (5)
Scrolls
 a - a scroll of amnesia
 h - 2 scrolls of silence
 k - 3 scrolls of magic mapping
 p - 4 scrolls of teleportation
 x - a scroll of enchant armour
 C - a scroll of fog
 J - a scroll of identify
 O - a scroll of blinking
Potions
 i - a potion of magic
 l - a potion of resistance
 m - 9 potions of curing
 q - 4 potions of brilliance
 u - 2 potions of flight
 w - 4 potions of ambrosia
 D - a potion of mutation
 G - 4 potions of attraction
 K - a potion of haste
 L - a potion of might


   Skills:
 + Level 11.3 Fighting
 - Level 10.0 Short Blades
 - Level 2.1 Throwing
 + Level 11.9 Dodging
 + Level 15.0 Stealth
 + Level 6.5 Shields
 * Level 14.5 Invocations


You had 13 spell levels left.
You didn't know any spells.
Your spell library contained the following spells:

 Spells                   Type           Power      Damage    Failure   Level
 Shock                    Conj/Air       0%         1d3       32%         1
 Frozen Ramparts          Ice            0%         1d1       69%         3
 Inner Flame              Hex/Fire       0%         N/A       69%         3
 Stone Arrow              Conj/Erth      0%         3d7       69%         3
 Swiftness                Air            0%         N/A       69%         3
 Airstrike                Air            0%         2d(0-16)  97%         4
 Anguish                  Hex/Necr       0%         N/A       97%         4
 Animate Armour           Summ/Erth      0%         N/A       97%         4
 Flame Wave               Conj/Fire      0%         2d4       97%         4
 Ice Form                 Ice/Tmut       0%         N/A       97%         4
 Olgreb's Toxic Radiance  Pois           0%         N/A       97%         4
 Sticky Flame             Conj/Fire      0%         2d3       97%         4
 Summon Ice Beast         Ice/Summ       0%         N/A       97%         4
 Enfeeble                 Hex            0%         N/A       100%        7
 Ozocubu's Refrigeration  Ice            0%         4d7       100%        7
 Ignition                 Fire           0%         3d3       100%        8
 Lehudib's Crystal Spear  Conj/Erth      0%         10d2      100%        8


Dungeon Overview and Level Annotations

Branches:
Dungeon (11/15)            Temple (1/1) D:4            Lair (5/5) D:8
 Shoals (0/4) Lair:3       Spider (0/4) Lair:3        Slime (0/5) Lair:5
 Bailey (visited)
    Orc: D:9-12

Altars:
Ashenzari
Dithmenos
Elyvilon
Fedhas
Gozag
Hepliaklqana
Kikubaaqudgha
Makhleb
Nemelex Xobeh
Okawaru
Ru
Sif Muna
Trog
Uskayaw
Vehumet
Xom
Zin
The Shining One

Shops:
D:3 !(   D:8 *   D:10 =

Annotations:
Temple 2 transporters


Innate Abilities, Weirdness & Mutations

You are small and have problems with some larger weapons.
You are completely attuned to the shadows.


Message History

The death yak is heavily wounded.
You block the death yak's attack. x2; The death yak closely misses you.
You hit the death yak but do no damage.
The death yak is heavily wounded.
The merfolk avatar chants its luring song.
You puncture the death yak!
The death yak is heavily wounded.
You puncture the death yak!
The death yak is severely wounded.
The death yak gores you! The death yak barely misses you.
You block the death yak's attack. The death yak gores you!
The death yak completely misses you.
You are too injured to fight recklessly!
You are too injured to fight recklessly!
You are too injured to fight recklessly!
Okay, then.
You barely miss the death yak.
The merfolk avatar chants its luring song.
You hit the death yak but do no damage. You puncture the death yak!
You feel better.
The death yak is lightly wounded.
A polar bear comes into view.
You block the death yak's attack.
The death yak gores you but does no damage.
You block the death yak's attack. The death yak gores you!!
* * * LOW HITPOINT WARNING * * *
The death yak gores you!
* * * LOW HITPOINT WARNING * * *
As you read the scroll of fear, it crumbles to dust.
You assume a fearsome visage.
The polar bear resists with some effort.
The merfolk avatar easily resists.
The death yak looks frightened!
The death yak resists with almost no effort.
The death yak easily resists.
The death yak resists with almost no effort. x2
The death yak looks frightened!
The merfolk avatar chants its luring song.
The death yak closely misses you. The death yak misses you.
The death yak gores you!!
You die...

#~~~~~~...###....# ~⌠
~~~~#..####...#..
###~#####~#~..# ##...##
~~~~.~~~~~~~..## ##...#
~~~~m~~~.~~~~#.# #..###
~~~~~~~#~~##~.## #...#
~##~~##..~#.#.####..#
.~.~.~YY~~~~..###...##
....h.Y@...#.##.#...##
......YY.............##
.....Y..............#.##
............†......##.
.....)...........####
.........P...#.#
.....###.#.... ....##
###.... P... ##...


You could see a merfolk avatar (mesmerising), 6 death yaks and a polar bear.

Vanquished Creatures
  Harold (D:10)
  2 hydras
  A boulder beetle (Lair:5)
  A two-headed ogre (D:11)
  4 death yaks (Lair:5)
  An orc high priest (Bailey)
  Urug (D:11)
  Amaemon (D:10)
  Lodul (D:11)
  2 orc knights (Bailey)
  An oklob plant (Lair:1)
  A cyclops (D:11)
  2 merfolk sirens (Lair:3)
  4 black mambas
  A torpor snail (Lair:5)
  A gargoyle (D:11)
  An orange demon (D:10)
  An unseen horror (shapeshifter) (D:11)
  14 cane toads
  9 komodo dragons
  2 rime drakes
  3 kobold demonologists
  A troll (D:10)
  3 wandering mushrooms (Lair:1)
  2 merfolk (Lair:3)
  4 polar bears
  3 hornets
  5 wind drakes (Lair:5)
  12 dream sheep
  15 blink frogs
  A wraith (D:11)
  Sigmund (D:5)
  A shadow (D:9)
  4 wyverns
  22 yaks
  7 basilisks
  4 steam dragons
  5 vampire mosquitoes
  2 wargs (D:8)
  An acid dragon (D:9)
  8 water moccasins
  2 sky beasts
  11 orc warriors
  2 black bears
  3 ice beasts
  8 ogres
  4 wolves (Lair:1)
  4 centaurs
  A phantom (D:5)
  2 kobold brigands (D:9)
  A gnoll sergeant (D:7)
  4 scorpions
  6 bullfrogs
  5 killer bees (D:11)
  4 electric eels
  3 howler monkeys
  A gnoll bouda (D:6)
  5 hounds
  2 jellies
  6 orc priests
  2 iguanas
  Natasha (twice) (D:2)
  10 orc wizards
  10 gnolls
  6 adders
  5 white imps
  2 worms
  3 dart slugs
  43 orcs
  11 endoplasms
  6 giant cockroaches
  11 goblins
  17 hobgoblins
  18 jackals
  7 quokkas
  5 ball pythons
  7 bats
  5 frilled lizards
  22 kobolds
  6 rats
  A butterfly (Lair:5)
429 creatures vanquished.

Vanquished Creatures (others)
  A demonic plant (D:2)
  17 fungi
  38 plants
56 creatures vanquished.

Grand Total: 485 creatures vanquished

Notes
Turn   | Place    | Note
-------+----------+-------------------------------------------
     0 | D:1      | wormed the Kobold Brigand began the quest for the Orb.
     0 | D:1      | Reached XP level 1. HP: 12/12 MP: 1/1
   155 | D:1      | Reached XP level 2. HP: 18/18 MP: 2/2
   545 | D:1      | Reached XP level 3. HP: 22/22 MP: 3/3
  1473 | D:2      | Reached XP level 4. HP: 27/27 MP: 4/4
  1826 | D:2      | Noticed Natasha
  1837 | D:2      | Killed Natasha
  1854 | D:2      | Noticed Natasha
  1869 | D:2      | Killed Natasha
  1870 | D:2      | Reached skill level 6 in Stealth
  1870 | D:2      | Reached XP level 5. HP: 18/32 MP: 5/5
  2303 | D:3      | Found a hazy altar of Hepliaklqana.
  2303 | D:3      | Found a glowing silver altar of Zin.
  2303 | D:3      | Found a sacrificial altar of Ru.
  2305 | D:3      | Found an iron altar of Okawaru.
  2305 | D:3      | Found an opulent altar of Gozag.
  2305 | D:3      | Found a blossoming altar of Fedhas.
  2307 | D:3      | Found an ancient bone altar of Kikubaaqudgha.
  2307 | D:3      | Found a shadowy altar of Dithmenos.
  2307 | D:3      | Found a shimmering altar of Xom.
  3071 | D:3      | Found Rotuwesh's Distillery.
  3183 | D:3      | Found a faded altar of an unknown god.
  3363 | D:3      | Found Luhukhog's Weapon Shop.
  3484 | D:4      | Reached skill level 5 in Short Blades
  3936 | D:4      | Found a sparkling altar of Nemelex Xobeh.
  3999 | D:4      | Noticed an orc warrior
  4014 | D:4      | Reached XP level 6. HP: 37/37 MP: 6/6
  4047 | D:4      | Killed an orc warrior
  4147 | D:4      | Found a staircase to the Ecumenical Temple.
  4149 | D:4      | Reached XP level 7. HP: 42/42 MP: 7/7
  4185 | Temple   | Entered the Ecumenical Temple
  4297 | Temple   | Found a transporter.
  4297 | Temple   | Found a transporter.
  4299 | Temple   | Found a transporter.
  4299 | Temple   | Found a transporter.
  4314 | Temple   | Became a worshipper of Uskayaw the Reveller
  4360 | D:4      | Reached * piety under Uskayaw
  4361 | D:4      | Reached skill level 7 in Stealth
  4760 | D:5      | Entered Level 5 of the Dungeon
  4764 | D:5      | Reached ** piety under Uskayaw
  4848 | D:5      | Reached *** piety under Uskayaw
  4904 | D:5      | Reached skill level 1 in Invocations
  4904 | D:5      | Reached XP level 8. HP: 48/48 MP: 8/8
  5165 | D:5      | Found a broken altar of Ashenzari.
  5245 | D:5      | Reached skill level 5 in Dodging
  5534 | D:5      | Noticed Sigmund
  5538 | D:5      | Killed Sigmund
  5539 | D:5      | Reached skill level 5 in Fighting
  5539 | D:5      | Reached skill level 8 in Stealth
  5870 | D:6      | Reached XP level 9. HP: 54/54 MP: 11/11
  7257 | D:7      | Reached **** piety under Uskayaw
  7673 | D:7      | Reached skill level 5 in Invocations
  7971 | D:8      | Noticed a hornet
  7975 | D:8      | Paralysed by a hornet for 1 turns
  7981 | D:8      | Killed a hornet
  8237 | D:8      | Found a flagged portal.
  8244 | Bailey   | Entered a bailey
  8266 | Bailey   | Noticed an orc knight
  8267 | Bailey   | Noticed an orc knight
  8269 | Bailey   | Killed an orc knight
  8270 | Bailey   | Reached skill level 10 in Short Blades
  8270 | Bailey   | Reached skill level 9 in Stealth
  8270 | Bailey   | Reached XP level 10. HP: 60/60 MP: 14/14
  8272 | Bailey   | Killed an orc knight
  8487 | Bailey   | Found an iron altar of Okawaru.
  8532 | Bailey   | Noticed an orc high priest
  8532 | Bailey   | Noticed a kobold demonologist
  8556 | Bailey   | Killed a kobold demonologist
  8557 | Bailey   | Reached skill level 10 in Stealth
  8557 | Bailey   | Killed an orc high priest
  9039 | Bailey   | Acquired the +3 warlock's mirror {reflect}
  9039 | Bailey   | Found the +3 warlock's mirror {reflect}
  9045 | Bailey   | Acquired a +5 quick blade of venom
  9169 | D:8      | Found Ywnie's Assorted Antiques.
  9173 | D:8      | Found a staircase to the Lair.
  9198 | D:8      | Reached ***** piety under Uskayaw
  9199 | D:8      | Reached skill level 1 in Shields
  9199 | D:8      | Reached XP level 11. HP: 45/67 MP: 17/17
  9282 | D:8      | Bought a small copper ring for 110 gold pieces
  9512 | D:8      | Found a radiant altar of Vehumet.
  9930 | D:9      | Reached skill level 11 in Stealth
 10146 | D:9      | Found a white marble altar of Elyvilon.
 10794 | D:10     | Entered Level 10 of the Dungeon
 10825 | D:10     | Found Qasomie's Jewellery Boutique.
 11042 | D:10     | Identified the +0 helmet "Ysiun" {Int+3}
 11169 | D:10     | Noticed Amaemon
 11184 | D:10     | Killed Amaemon
 11185 | D:10     | Reached skill level 10 in Invocations
 11263 | D:10     | Noticed Harold
 11282 | D:10     | Killed Harold
 11282 | D:10     | Reached ****** piety under Uskayaw
 11283 | D:10     | Reached XP level 12. HP: 75/75 MP: 19/19
 11588 | D:11     | Reached skill level 12 in Stealth
 12203 | D:11     | Noticed a two-headed ogre
 12209 | D:11     | Killed a two-headed ogre
 12219 | D:11     | Noticed Urug
 12223 | D:11     | Killed Urug
 12478 | D:11     | Noticed Lodul
 12511 | D:11     | Killed Lodul
 12889 | Lair:1   | Entered Level 1 of the Lair of Beasts
 13071 | Lair:1   | Reached skill level 10 in Dodging
 14052 | Lair:1   | Reached skill level 13 in Stealth
 14210 | Lair:1   | Identified the +0 cloak "Aliom" {Int+2}
 14352 | Lair:2   | Reached XP level 13. HP: 80/81 MP: 22/22
 15587 | Lair:3   | Noticed an eight-headed hydra
 15591 | Lair:3   | Killed an eight-headed hydra
 15617 | Lair:3   | Found a hole to the Spider Nest.
 15623 | Lair:3   | Reached skill level 10 in Fighting
 15630 | Lair:3   | Reached skill level 5 in Shields
 16086 | Lair:3   | Found a staircase to the Shoals.
 16574 | Lair:4   | Noticed a seven-headed hydra
 16580 | Lair:4   | Killed a seven-headed hydra
 16675 | Lair:4   | Reached skill level 14 in Stealth
 17096 | Lair:4   | Reached XP level 14. HP: 88/88 MP: 24/24
 17876 | Lair:5   | Entered Level 5 of the Lair of Beasts
 18030 | Lair:5   | Found a staircase to the Slime Pits.
 18706 | Lair:5   | HP: 2/90 [cane toad (15)]
 18949 | Lair:5   | Reached skill level 15 in Stealth
 18987 | Lair:5   | Mangled by a death yak

Illustrated notes

Levels and vault maps discovered:
D:1:      arrival_zaba_pyramid, layout_loops_corners
D:2:      wad_river_or_something, layout_basic, minmay_crystal_room,
          minmay_hedge_maze, dreamdust_princess_corridor, uniq_natasha
D:3:      layout_loops_corners, nicolae_overflows_in_rows,
          hellmonk_ecumenical_altar_slurped_away, serial_shops,
          nicolae_shop_waterfront, nicolae_lakefront_shop,
          hangedman_abyss_or_decor_lesser_grid
D:4:      minmay_clustersquares, layout_basic, nemelex_dance_club_becter,
          minmay_temple_entry_proselytizer, chequers_serial_rivers_large_b,
          fountainhead
D:5:      layout_loops_ring, nicolae_ashenzari_skybound, nrook_pool_corridor,
          uniq_sigmund
D:6:      layout_rooms
D:7:      layout_gridville
D:8:      layout_rooms, vehumet_crystals, erik_lair_orcish_takeover,
          enter_bailey_2, serial_curves, eino_curves_01, eino_curves_04,
          eino_curves_03, eino_curves_01, serial_shops,
          nicolae_shop_competitors_out_of_business, moated_statue
D:9:      layout_irregular_city, mainiacjoe_overflow_concentric_impassable,
          serial_glass, glass_columns_c, glass_columns_c
D:10:     layout_basic, serial_shops, kennysheep_mini_moat, uniq_amaemon,
          uniq_harold
D:11:     layout_long_grid, minivault_23, uniq_lodul, uniq_urug
Temple:   hellmonk_temple_divided_pantheon
Lair:1:   minmay_lair_oklob_tunnel, layout_misc_corridors, lemuel_fruit_fields
Lair:2:   layout_layer_cave, serial_bayou_ford_a
Lair:3:   layout_big_grid, elwin_shoals_entry_stream, dummy_spider_entry,
          kennysheep_basilisk_garden, grunt_megastairs_3
Lair:4:   layout_layer_cave, lemuel_fruit_fields, grunt_megastairs_2,
          lemuel_fruit_fields
Lair:5:   gammafunk_lair_ancient_temple, layout_cave_pods,
          dpeg_slime_entry_enclosed, serial_bayou_shore_a

Skill      XL: |  1  2  3  4  5  6  7  8  9 10 11 12 13 14 |
---------------+-------------------------------------------+-----
Short Blades   | 3 4 5 6 7 8 10 | 10.0
Dodging        | 2 3 4 5 6 7 9 10 11 | 11.9
Fighting       | 3 4 5 6 7 8 9 10 11 | 11.3
Stealth        | 6 7 8 9 10 11 13 14 15 | 15.0
Invocations    | 1 3 6 8 10 12 13 14 | 14.5
Shields        | 1 3 4 5 6 |  6.5
Throwing       | |  2.1

Action                   |  1- 3 |  4- 6 |  7- 9 | 10-12 | 13-15 || total
-------------------------+-------+-------+-------+-------+-------++-------
Melee: Dagger            |    78 |   192 |   280 |   144 |       ||   694
       Punch             |       |       |     5 |       |       ||     5
       Quick blade       |       |       |       |   539 |   527 ||  1066
Throw: Dart              |       |     2 |       |     4 |       ||     6
Invok: Stomp             |       |       |     2 |       |     1 ||     3
       Line Pass         |       |       |     1 |       |     1 ||     2
       Grand Finale      |       |       |       |     1 |       ||     1
Evoke: Wand              |       |       |       |    18 |     4 ||    22
  Use: Scroll            |       |       |    16 |    16 |     2 ||    34
       Potion            |       |       |     1 |     1 |     4 ||     6
 Stab: Sleeping          |    19 |    28 |    27 |    43 |    37 ||   154
       Paralysed         |       |       |     3 |    32 |    24 ||    59
       Distracted        |       |       |     3 |       |     7 ||    10
Armor: Robe              |     5 |    24 |    43 |    64 |    27 ||   163
Dodge: Dodged            |    33 |   105 |   138 |   258 |   155 ||   689
Block: Buckler           |       |       |       |    83 |   110 ||   193
       Reflection        |       |       |       |    12 |     1 ||    13

Table legend: (Time is in decaauts)
 A = Elapsed time spent in this place.
 B = Non-inter-level travel time spent in this place.
 C = Inter-level travel time spent in this place.
 D = Time resting spent in this place.
 E = Time spent auto-exploring this place.
 F = Levels seen in this place.
 G = Mean time per level.
                   A        B        C        D        E       F      G
               +--------+--------+--------+--------+--------+-----+--------+
         Total |  18168 |  17335 |    833 |    129 |  14652 |  18 | 1009.3 |
       Dungeon |  11580 |  10909 |    671 |    129 |   9200 |  11 | 1052.7 |
        Temple |    145 |    145 |      0 |      0 |    112 |   1 |  145.0 |
          Lair |   5676 |   5515 |    161 |      0 |   4732 |   5 | 1135.2 |
        Bailey |    765 |    765 |      0 |      0 |    608 |   1 |  765.0 |
               +--------+--------+--------+--------+--------+-----+--------+

Top non-repeatable levels by time:
     D:7: 1470 daAuts
  Lair:4: 1332 daAuts
  Lair:1: 1305 daAuts
  Lair:2: 1270 daAuts
     D:3: 1177 daAuts
     D:4: 1153 daAuts
     D:1: 1148 daAuts
     D:2: 1121 daAuts
    D:11: 1116 daAuts
     D:9: 1063 daAuts
     D:8: 1010 daAuts
  Lair:5: 979 daAuts
     D:5: 939 daAuts
  Lair:3: 787 daAuts
  Bailey: 765 daAuts
